 Dungeon Crawl Stone Soup version 0.30-a0-691-g754fce4c43 (webtiles) character file.

Game seed: 5085880515529951551

36817 ragingrage the Zephyrmancer (level 13, -4/82 HPs)
             Began as a Tengu Air Elementalist on Jan 19, 2023.
             Was an Elder of Vehumet.
             Slain by a salamander
             ... wielding a +0 trident
              (15 damage)
             ... in a volcano.
             The game lasted 00:22:29 (17943 turns).

ragingrage the Zephyrmancer (TeAE)                 Turns: 17943, Time: 00:22:30

Health: -4/82      AC: 14    Str:  9    XL:     13   Next: 92%
Magic:  28/33      EV: 18    Int: 22    God:    Vehumet [****..]
Gold:   733        SH:  6    Dex: 16    Spells: 11/26 levels left

rFire   . . .      SeeInvis .    a - +11 spear of the Eternal Warrior {spect, Int+3}
rCold   . . .      Faith    .    L - +0 buckler
rNeg    . . .      Spirit   .    G - +0 acid dragon scales
rPois   .          Reflect  .    (helmet restricted)
rElec   .          Harm     .    U - +1 cloak
rCorr   +          Rampage  .    (no gloves)
Will    .....                    (boots unavailable)
Stlth   ++                       S - amulet of regeneration
HPRegen 1.13/turn                k - +4 ring of protection
MPRegen 0.23/turn                R - ring of magical power

@: flying quickly and evasively, quick
A: beak, talons 3, nimble flight
a: Renounce Religion


You were in a volcano.
You worshipped Vehumet.
Vehumet was greatly pleased with you.
You visited 3 branches of the dungeon, and saw 17 of its levels.
You also visited: Ossuary and Volcano.

You collected 909 gold pieces.
You spent 176 gold pieces at shops.

Inventory:

Hand Weapons
 a - the +11 spear of the Eternal Warrior (weapon) {spect, Int+3}
   (You found it on level 2 of the Dungeon)

   Int:       It affects your intelligence (+3).
 W - the +5 hand axe of Wefeisch {flame, rN+ Str-2 Int+4 Dex+4}
   (You found it on level 1 of the Lair of Beasts)

   Str:       It affects your strength (-2).
   Int:       It affects your intelligence (+4).
   Dex:       It affects your dexterity (+4).
   rN:        It protects you from negative energy.
Armour
 o - the +2 leather armour of Cheibriados's Esteem {rN++ Will+ rCorr Dex-2}
   (You found it on level 3 of the Lair of Beasts)

   Dex:       It affects your dexterity (-2).
   rN:        It greatly protects you from negative energy.
   rCorr:     It protects you from acid and corrosion.
   Will:      It increases your willpower.
 G - +0 acid dragon scales (worn)
 L - a +0 buckler (worn)
 U - a +1 cloak (worn)
Magical Staves
 b - a staff of air
 q - a staff of conjuration
 V - a staff of cold
Jewellery
 k - a +4 ring of protection (left hand)
 B - a ring of ice
 D - a ring of protection from cold
 R - a ring of magical power (right hand)
 S - an amulet of regeneration (around neck)
 Z - a +6 ring of dexterity
Wands
 s - a wand of iceblast (23)
 w - a wand of polymorph (26)
 K - a wand of acid (7)
 P - a wand of mindburst (6)
 Q - a wand of charming (18)
 T - a wand of flame (15)
Scrolls
 c - a scroll of torment
 f - 3 scrolls of fog
 h - 4 scrolls of vulnerability
 j - a scroll of poison
 r - 4 scrolls of amnesia
 u - 6 scrolls of magic mapping
 v - a scroll of immolation
 x - 4 scrolls of fear
 y - a scroll of blinking
 F - 10 scrolls of teleportation
 J - 2 scrolls of enchant armour
 N - a scroll of enchant weapon
 O - a scroll of silence
Potions
 d - 4 potions of curing
 e - 4 potions of ambrosia
 g - 4 potions of heal wounds
 i - 2 potions of haste
 l - 8 potions of attraction
 m - 3 potions of mutation
 p - 3 potions of invisibility
 z - 4 potions of lignification
 C - 2 potions of resistance
 E - 5 potions of might
 M - 4 potions of brilliance
 Y - 2 potions of magic
Miscellaneous
 X - a phial of floods (inert)


   Skills:
 - Level 10.0 Fighting
 - Level 9.0 Polearms
 + Level 6.4 Armour
 - Level 10.0 Dodging
 + Level 2.0 Stealth
 + Level 8.2 Shields
 - Level 7.0 Spellcasting
 + Level 9.8 Conjurations
 + Level 12.8 Air Magic
 - Level 5.0 Evocations


You had 11 spell levels left.
You knew the following spells:

 Your Spells              Type           Power      Damage    Failure   Level
a - Shock                 Conj/Air       100%       1d9       1%          1
b - Static Discharge      Conj/Air       100%       2-7/arc   1%          2
c - Swiftness             Air            59%        N/A       1%          3
d - Airstrike             Air            29%        2d(5-21)  1%          4
e - Arcjolt               Conj/Air       27%        1d37      1%          5

Your spell library contained the following spells:

 Spells                   Type           Power      Damage    Failure   Level
 Fulminant Prism          Conj/Hex       14%        3d8       5%          4
 Dazzling Flash           Conj/Hex       58%        N/A       1%          3
 Vhi's Electric Charge    Tloc/Air       72%        N/A       3%          3
 Flame Wave               Conj/Fire      29%        2d9       5%          4
 Sticky Flame             Conj/Fire      29%        2d5       5%          4
 Inner Flame              Hex/Fire       7%         N/A       13%         3
 Apportation              Tloc           14%        N/A       16%         1
 Necrotise                Necr           28%        1d5       16%         1
 Summon Small Mammal      Summ           28%        N/A       16%         1
 Silence                  Hex/Air        18%        N/A       30%         5
 Vampiric Draining        Necr           7%         2d6       43%         3
 Maxwell's Capacitive Co  Air            29%        ∞         75%         8
 Agony                    Necr           7%         N/A       99%         5
 Summon Forest            Summ/Tloc      3%         N/A       99%         5
 Summon Mana Viper        Hex/Summ       7%         N/A       99%         5
 Summon Cactus Giant      Summ           3%         N/A       100%        6


Dungeon Overview and Level Annotations

Branches:
Dungeon (11/15)            Temple (1/1) D:7            Lair (5/5) D:9
  Swamp (0/4) Lair:3       Spider (0/4) Lair:2          Orc (0/2) D:10
Ossuary (visited)         Volcano (1/1)
  Slime: Lair:4-5

Altars:
Ashenzari
Cheibriados
Dithmenos
Elyvilon
Fedhas
Gozag
Hepliaklqana
Kikubaaqudgha
Makhleb
Nemelex Xobeh
Okawaru
Qazlal
Ru
Sif Muna
Trog
Uskayaw
Vehumet
Wu Jian
Xom
Yredelemnul
Zin
The Shining One

Shops:
D:7 [

Annotations:
D:9 2 transporters, exclusion: upstairs, Sabo's ghost, novice GrFE


Innate Abilities, Weirdness & Mutations

You have a beak for a mouth.
You have claws for feet.
Your magical nature lets you fly swiftly and evasively.


Message History

The iceblast engulfs the salamander mystic!
The salamander mystic is frozen!
The salamander mystic is moderately wounded.
The iceblast engulfs the salamander!
The salamander is frozen!
The salamander is lightly wounded.
The iceblast engulfs the salamander!!
The salamander is frozen!
The salamander is moderately wounded.
Something unseen opens the door.
The salamander barely misses you.
You puncture the salamander mystic!
You claw the salamander mystic, but do no damage.
The salamander mystic is moderately wounded.
Your +11 spear of the Eternal Warrior {spect, Int+3} hits the salamander mystic from afar!
The salamander closely misses you.
A salamander comes into view. It is wielding a +0 halberd.
The salamander hits you from afar with a +0 trident.
You are engulfed in flames!
You hit the salamander mystic but do no damage.
You peck the salamander mystic.
The salamander mystic is severely wounded.
Your +11 spear of the Eternal Warrior {spect, Int+3} hits the salamander mystic from afar!
The salamander mystic hits you with a +0 dagger.
You are engulfed in flames!
The salamander completely misses you.
Casting: Airstrike (safe; 1% risk of failure)
Confirm with . or Enter, or press ? or * to list all spells.
Electricity surges outward!
The salamander mystic is almost dead.
Your +11 spear of the Eternal Warrior {spect, Int+3} resists.
Your +11 spear of the Eternal Warrior {spect, Int+3} is moderately damaged.
The salamander is moderately wounded.
The salamander is lightly wounded.
The salamander is heavily wounded.
The salamander hits you from afar with a +4 halberd!
You are engulfed in flames!
* * * LOW HITPOINT WARNING * * *
The salamander completely misses you.
The salamander mystic hits you but does no damage.
The salamander hits you from afar with a +0 trident!
* * * LOW HITPOINT WARNING * * *
You are engulfed in flames!
You die...

§≈§§≈≈≈≈≈≈≈§§§≈§≈≈≈≈≈≈≈≈°≈≈°§≈≈§≈
§≈≈≈≈≈≈≈.....§§.........
≈≈≈≈≈...########'#######
≈§§≈.≈≈.# #.# ≈§≈.≈≈≈.# #.#
§≈.≈≈§§§# #.# ≈..§≈≈≈§# #.#
.≈≈≈≈§§.######.#§# .≈≈
≈≈≈≈≈≈≈.#......#@# #.§§§≈
≈§§≈§≈§.###++###N# #.§§§§≈≈≈
§§≈≈§≈≈.#


NNN #.§§§≈≈§§ §≈≈≈≈§≈.# .8_8~ #.≈§≈≈§≈§ ≈§§≈§§§.# +.~.~~' #.§§§≈§§§
§≈§§≈§≈.#################.≈§≈≈≈≈§ §§§≈≈§≈§...§§.............≈≈≈≈§≈≈
§≈§≈≈§§≈≈≈§§§≈≈≈§.≈≈≈≈§≈≈≈§≈§≈§§≈ ≈≈≈≈≈≈≈≈§§§§≈§§≈≈≈.§≈≈≈§≈≈§§§≈§§≈ You could
see a salamander mystic and 3 salamanders.

Vanquished Creatures
  2 hydras
  A ghost crab (Lair:3)
  A two-headed ogre (D:10)
  The ghost of Aky Rat the Merchant of Misery, a novice DsNe of Kikubaaqudgha (Lair:1)
  A spectral death yak (Lair:3)
  A spectral hydra (Lair:3)
  A cyclops (D:11)
  An ugly thing (D:8)
  20 elephants
  9 cane toads
  3 black mambas
  3 komodo dragons
  2 rime drakes
  A red devil (D:11)
  A troll (D:11)
  Prince Ribbit (D:6)
  3 polar bears
  A spectral elephant (Lair:3)
  7 dream sheep (Lair:4)
  3 blink frogs (Lair:5)
  2 jumping spiders (Lair:2)
  2 culicivoras (Lair:2)
  2 wraiths
  6 basilisks
  3 wyverns
  A shadow (D:11)
  42 yaks
  A steam dragon (D:9)
  Grum (D:11)
  A fire bat (Volcano)
  6 vampire mosquitoes
  4 redbacks (Lair:2)
  3 acid dragons
  10 water moccasins
  An orc warrior (D:7)
  4 sky beasts
  A spectral polar bear (Lair:3)
  2 ogres (D:5)
  4 boggarts (Lair:4)
  8 wolves
  5 centaurs
  A necrophage (D:6)
  2 gnoll sergeants
  A spectral wyvern (Lair:3)
  13 bullfrogs
  2 scorpions
  16 wights
  8 killer bees
  4 howler monkeys (D:10)
  4 lava snakes (Volcano)
  A hound (D:5)
  2 quasits (D:11)
  A jelly (D:7)
  A human zombie (D:6)
  2 orc priests
  A gnoll bouda (D:6)
  Ijyb (D:3)
  4 iguanas
  11 orc wizards
  A mummy (Ossuary)
  12 gnolls
  6 adders
  2 white imps
  An ufetubus (D:5)
  A worm (D:2)
  2 dart slugs (D:1)
  40 orcs
  2 spectral bats (Ossuary)
  2 endoplasms
  2 giant cockroaches
  10 goblins
  6 hobgoblins
  16 jackals
  4 quokkas
  5 ball pythons
  9 bats
  3 bat simulacra (Ossuary)
  3 frilled lizards
  12 gnoll zombies (Ossuary)
  5 goblin simulacra (Ossuary)
  8 goblin zombies (Ossuary)
  8 hobgoblin zombies
  8 kobolds
  2 kobold simulacra (Ossuary)
  2 kobold zombies
  2 orc zombies (Ossuary)
  5 rats
  3 rat simulacra (Ossuary)
  2 spectral goblins (Ossuary)
  5 spectral kobolds (Ossuary)
  3 spectral rats (Ossuary)
439 creatures vanquished.

Vanquished Creatures (others)
  26 fungi
  34 plants
60 creatures vanquished.

Grand Total: 499 creatures vanquished

Notes
Turn   | Place    | Note
-------+----------+-------------------------------------------
     0 | D:1      | ragingrage the Tengu Air Elementalist began the quest for
                  | the Orb.
     0 | D:1      | Reached XP level 1. HP: 10/10 MP: 4/4
   224 | D:1      | Reached XP level 2. HP: 15/15 MP: 0/6
   530 | D:1      | Learned a level 2 spell: Static Discharge
  1024 | D:1      | Reached XP level 3. HP: 19/19 MP: 4/7
  1417 | D:2      | Identified the +11 spear of the Eternal Warrior {spect,
                  | Int+3}
  1473 | D:2      | Reached skill level 5 in Air Magic
  1747 | D:2      | Reached XP level 4. HP: 24/24 MP: 6/8
  1844 | D:2      | Reached skill level 1 in Polearms
  2462 | D:3      | Noticed Ijyb
  2470 | D:3      | Killed Ijyb
  2471 | D:3      | Gained mutation: Your magical nature lets you fly swiftly
                  | and evasively. [Tengu growth]
  2471 | D:3      | Reached XP level 5. HP: 16/28 MP: 9/9
  2539 | D:3      | Found a sacrificial altar of Ru.
  3189 | D:4      | Found an ancient bone altar of Kikubaaqudgha.
  3189 | D:4      | Found an opulent altar of Gozag.
  3195 | D:4      | Found a stormy altar of Qazlal.
  3379 | D:5      | Entered Level 5 of the Dungeon
  3394 | D:5      | Reached skill level 6 in Air Magic
  3455 | D:5      | Reached XP level 6. HP: 32/32 MP: 10/10
  3487 | D:5      | Reached skill level 5 in Conjurations
  3677 | D:5      | You are sucked into a shaft and drop 3 floors!
  3678 | D:8      | Noticed a purple ugly thing
  3695 | D:9      | Noticed a steam dragon
  3699 | D:9      | Killed a steam dragon
  3700 | D:9      | Reached skill level 7 in Air Magic
  3700 | D:9      | Reached XP level 7. HP: 36/36 MP: 11/11
  3734 | D:9      | Noticed a wraith
  3740 | D:9      | Killed a wraith
  3741 | D:9      | Reached skill level 5 in Polearms
  3741 | D:9      | Reached skill level 8 in Air Magic
  3864 | D:9      | Learned a level 3 spell: Swiftness
  3869 | D:9      | Learned a level 4 spell: Airstrike
  3876 | D:9      | Noticed a troll
  3886 | D:9      | Noticed a yak
  3886 | D:9      | Noticed a brown ugly thing
  3921 | D:9      | Reached XP level 8. HP: 38/41 MP: 6/12
  3923 | D:9      | Reached skill level 9 in Air Magic
  4177 | D:9      | Reached skill level 10 in Air Magic
  4179 | D:9      | Reached skill level 1 in Armour
  4239 | D:9      | Noticed a yak
  4262 | D:9      | Killed a yak
  4263 | D:9      | Reached skill level 1 in Fighting
  4295 | D:9      | Reached XP level 9. HP: 19/49 MP: 13/13
  4409 | D:9      | Found a staircase to the Lair.
  4439 | D:9      | Noticed an elephant
  4454 | D:9      | Killed an elephant
  4649 | D:9      | Found a transporter.
  4736 | D:8      | Reached skill level 5 in Dodging
  5097 | D:8      | Reached skill level 5 in Armour
  5233 | D:9      | Found a transporter.
  5269 | D:9      | Reached skill level 5 in Fighting
  5271 | D:9      | Noticed Sabo's ghost (novice GrFE)
  5724 | D:8      | Killed a purple ugly thing
  5725 | D:8      | Reached XP level 10. HP: 60/60 MP: 0/14
  6021 | D:8      | Found a glowing golden altar of the Shining One.
  6021 | D:8      | Found a white marble altar of Elyvilon.
  6022 | D:8      | Found a glowing silver altar of Zin.
  6220 | D:7      | Found Qotyff's Antique Armour Boutique.
  6226 | D:7      | Bought a sheer robe for 176 gold pieces
  6226 | D:7      | Identified the +0 robe "Qasip" {Dex+3} (You bought it in a
                  | shop on level 7 of the Dungeon)
  6312 | D:6      | Found a hide-covered altar of Uskayaw.
  6402 | D:6      | Noticed Prince Ribbit
  6405 | D:6      | Killed Prince Ribbit
  6406 | D:6      | Reached skill level 1 in Shields
  6406 | D:6      | Reached skill level 1 in Evocations
  6504 | D:6      | Found a sand-covered staircase.
  6520 | Ossuary  | Entered an ossuary
  8714 | D:7      | Found a staircase to the Ecumenical Temple.
  8726 | Temple   | Entered the Ecumenical Temple
  8849 | Temple   | Became a worshipper of Vehumet
  9429 | D:10     | Entered Level 10 of the Dungeon
  9493 | D:10     | Found a staircase to the Orcish Mines.
  9812 | D:10     | Noticed a two-headed ogre
  9815 | D:10     | Killed a two-headed ogre
  9816 | D:10     | Reached XP level 11. HP: 66/66 MP: 13/17
 10281 | D:11     | Noticed a cyclops
 10285 | D:11     | Killed a cyclops
 10651 | D:11     | Reached * piety under Vehumet
 10651 | D:11     | Offered knowledge of Sandblast by Vehumet.
 11276 | D:11     | Noticed Grum
 11286 | D:11     | Killed Grum
 11373 | Lair:1   | Entered Level 1 of the Lair of Beasts
 11672 | Lair:1   | Found a large runed translucent door.
 11672 | Lair:1   | Found a large runed translucent door.
 11681 | Lair:1   | Noticed Aky Rat's ghost (novice DsNe)
 11764 | Lair:1   | Reached skill level 5 in Spellcasting
 11875 | Lair:1   | Reached skill level 5 in Shields
 11878 | Lair:1   | Reached ** piety under Vehumet
 11878 | Lair:1   | Offered knowledge of Searing Ray by Vehumet.
 11879 | Lair:1   | Reached skill level 5 in Evocations
 11888 | Lair:1   | Reached XP level 12. HP: 72/73 MP: 20/20
 12133 | Lair:1   | Noticed an eight-headed hydra
 12188 | Lair:1   | Killed an eight-headed hydra
 12663 | Lair:1   | Identified the +5 hand axe of Wefeisch {flame, rN+ Str-2
                  | Int+4 Dex+4}
 12917 | Lair:1   | Killed Aky Rat's ghost
 13417 | Lair:2   | Learned a level 5 spell: Arcjolt
 13621 | Lair:2   | Noticed a four-headed hydra
 13634 | Lair:2   | Killed a four-headed hydra
 14061 | Lair:2   | Reached skill level 11 in Air Magic
 14295 | Lair:2   | Found a hole to the Spider Nest.
 14727 | Lair:3   | Offered knowledge of Momentum Strike by Vehumet.
 14733 | Lair:3   | Reached skill level 10 in Dodging
 14881 | Lair:3   | Found an ancient bone altar of Kikubaaqudgha.
 14912 | Lair:3   | Identified the +2 leather armour of Cheibriados's Esteem
                  | {rN++ Will+ rCorr Dex-2}
 15583 | Lair:3   | Reached XP level 13. HP: 72/80 MP: 23/23
 15618 | Lair:3   | Reached *** piety under Vehumet
 15913 | Lair:3   | Found a staircase to the Swamp.
 16362 | Lair:4   | Reached skill level 12 in Air Magic
 16425 | Lair:4   | Offered knowledge of Frozen Ramparts by Vehumet.
 17549 | Lair:5   | Entered Level 5 of the Lair of Beasts
 17602 | Lair:5   | Reached **** piety under Vehumet
 17625 | Lair:5   | Offered knowledge of Fulminant Prism by Vehumet.
 17626 | Lair:5   | Reached skill level 10 in Fighting
 17707 | Lair:5   | Found a dark tunnel.
 17728 | Volcano  | Entered a volcano
 17938 | Volcano  | Found a bloodstained altar of Trog.
 17943 | Volcano  | Slain by a salamander

Illustrated notes

Levels and vault maps discovered:
D:1:      sevenhm_arrival_forest_fort_small_5, layout_rooms,
          serial_corexii_hall, chequers_hall_statues_y, chequers_hall_statues_y,
          corexii_hall_statues_x, corexii_hall_statues_t, serial_bayou_crossing
D:2:      layout_loops_ring, grunt_decor_arrowhead, minmay_fountain_box,
          minmay_pentomino_r4
D:3:      layout_basic, mainiacjoe_overflow_cross_hatched, uniq_ijyb
D:4:      layout_basic, grunt_temple_overflow_open
D:5:      layout_basic
D:6:      layout_basic, mainiacjoe_overflow_boulevard, enter_ossuary_3,
          uniq_prince_ribbit1
D:7:      layout_basic, minmay_temple_entry_purple_smoke, serial_shops,
          nicolae_stop_n_shop_1, minmay_fractal_squares_5
D:8:      layout_layer_cave, good_gods_temple_1
D:9:      layout_roguey, david_lair_generic, nzn_ghost_randoct,
          amcnicky_mini_corridor_feature
D:10:     layout_irregular_city, orc_0_dummy, chequers_serial_rivers_room_b
D:11:     layout_loops_corners, serial_demonic, serial_demonic_b,
          serial_demonic_f, serial_demonic_e, serial_demonic_d, uniq_grum
Temple:   eino_narrow_crystal_temple
Lair:1:   cheibrodos_lair_river_kwai, layout_regular_city,
          ebering_ghost_disaster_area
Lair:2:   layout_chaotic_city, nicolae_spider_entry_tight_spaces,
          wad_woods_road_02, infiniplex_staircase_pool, serial_bayou_shore_b
Lair:3:   layout_cave_pods, nicolae_swamp_entry_spooky, basic_altar,
          chequers_serial_rivers_micro_d
Lair:4:   layout_loops_ring, kilobyte_rumbling_trees
Lair:5:   minmay_lair_end_enchanted_forest, layout_hall_layers, slime_entry_2,
          ebering_ghost_xom, nicolae_volcano_entry_two_sided, minivault_25,
          serial_bayou_shore_a, uniq_snorg
Volcano:  volcano_lake [vl_original]

Skill      XL: |  1  2  3  4  5  6  7  8  9 10 11 12 13 |
---------------+----------------------------------------+-----
Conjurations   | 2 3 4 5 7 9 |  9.8
Air Magic      | 5 6 7 8 10 11 12 | 12.8
Polearms       | 1 2 4 5 6 7 8 9 |  9.0
Armour         | 3 5 6 |  6.4
Fighting       | 2 5 6 7 8 10 | 10.0
Dodging        | 3 6 7 9 10 | 10.0
Shields        | 3 5 6 8 |  8.2
Evocations     | 3 5 |  5.0
Spellcasting   | 3 5 6 7 |  7.0
Stealth        | |  2.0

Action                   |  1- 3 |  4- 6 |  7- 9 | 10-12 | 13-15 || total
-------------------------+-------+-------+-------+-------+-------++-------
Melee: Unarmed           |     7 |       |       |       |       ||     7
       Peck              |     3 |     6 |     8 |    62 |    30 ||   109
       Short sword       |    11 |       |       |       |       ||    11
       Kick              |     5 |     2 |    16 |    93 |    45 ||   161
       Spear             |    14 |    46 |    69 |   367 |   139 ||   635
 Cast: Shock             |    62 |    58 |    18 |     5 |       ||   143
       Static Discharge  |       |       |     1 |       |       ||     1
       Airstrike         |       |       |    13 |   111 |    62 ||   186
       Arcjolt           |       |       |       |       |    22 ||    22
Evoke: Wand              |       |       |       |       |     1 ||     1
       Phial of floods   |       |       |       |       |     1 ||     1
  Use: Scroll            |       |     1 |     9 |    14 |     4 ||    28
       Potion            |       |       |       |     1 |       ||     1
 Stab: Sleeping          |       |     5 |       |    12 |       ||    17
       Distracted        |       |       |     2 |     5 |     2 ||     9
Armor: Robe              |     9 |     4 |       |       |       ||    13
       Steam dragon scal |       |       |     7 |       |       ||     7
       Acid dragon scale |       |       |     7 |    43 |    20 ||    70
Dodge: Dodged            |    16 |    13 |    30 |   125 |    59 ||   243
Block: Buckler           |       |       |       |    48 |    17 ||    65

Table legend: (Time is in decaauts)
 A = Elapsed time spent in this place.
 B = Non-inter-level travel time spent in this place.
 C = Inter-level travel time spent in this place.
 D = Time resting spent in this place.
 E = Time spent auto-exploring this place.
 F = Levels seen in this place.
 G = Mean time per level.
                   A        B        C        D        E       F      G
               +--------+--------+--------+--------+--------+-----+--------+
         Total |  16814 |  15926 |    888 |   2531 |  10835 |  19 |  884.9 |
       Dungeon |  10333 |   9716 |    617 |   1460 |   6730 |  11 |  939.4 |
        Temple |    118 |    109 |      9 |      0 |    102 |   1 |  118.0 |
          Lair |   5770 |   5509 |    261 |    947 |   3785 |   5 | 1154.0 |
       Ossuary |    391 |    391 |      0 |    104 |    161 |   1 |  391.0 |
       Volcano |    199 |    199 |      0 |     19 |     54 |   1 |  199.0 |
               +--------+--------+--------+--------+--------+-----+--------+

Top non-repeatable levels by time:
  Lair:1: 1519 daAuts
     D:9: 1481 daAuts
  Lair:2: 1465 daAuts
  Lair:3: 1369 daAuts
     D:8: 1347 daAuts
  Lair:4: 1301 daAuts
     D:1: 1280 daAuts
     D:2: 971 daAuts
    D:11: 969 daAuts
     D:6: 948 daAuts
     D:5: 859 daAuts
    D:10: 807 daAuts
     D:3: 624 daAuts
     D:7: 582 daAuts
     D:4: 461 daAuts
